Map: Backwater LE

Players

Ryung - Winner!

  • Race: Terran Terran
  • Spawn Location: 5:00

Mamba

  • Race: Zerg Zerg
  • Spawn Location: 11:00

Event: IEM Season 12 - Katowice

VOD

Have the link to the VOD?

Description

Time

  • Played on: Feb. 26, 2018, 4:17 a.m.
  • Length: 12:41

All games in this series

Show
View Real Time Build Order
Export as new Build Order

Ryung Terran - Winner!

Build Orders: Liberator Opening, Reaper Expand 

Get SALT Encoding   

  12  0:00  SCV  
  13  0:13  SCV  
  14  0:17  Supply Depot  
  14  0:25  SCV  
  15  0:39  SCV  
  15  0:40  Barracks  
  16  0:43  Refinery  
  16  0:51  SCV  
  17  1:03  SCV  
  18  1:15  SCV  
  19  1:27  Orbital Command  
  19  1:28  Reaper  
  20  1:40  Command Center  
  20  1:51  Supply Depot  
  20  1:53  SCV  
  21  2:00  Marine  
  22  2:07  Factory  
  22  2:09  SCV  
  22  2:14  Refinery  
  23  2:20  Barracks Reactor  
  23  2:21  SCV  
  24  2:33  SCV  
  25  2:45  SCV  
  26  2:52  Starport  
  26  2:54  Orbital Command  
  26  2:57  SCV  
  27  3:02  Hellion x2  
  27  3:03  Barracks Tech Lab  
  31  3:09  SCV  
  32  3:19  SCV  
  33  3:21  SCV  
  33  3:23  Hellion x2  
  38  3:29  Supply Depot  
  38  3:31  SCV  
  38  3:33  SCV  
  40  3:35  Viking  
  42  3:44  SCV, Hellion  
  42  3:46  SCV  
  46  3:49  Liberator  
  46  3:50  Hellion  
  46  3:52  Supply Depot  
  48  4:01  SCV x2  
  50  4:05  Supply Depot  
  53  4:15  SCV x2  
  57  4:20  Cyclone x2  
  61  4:26  Supply Depot  
  61  4:32  SCV x2  
  63  4:38  Command Center  
  63  4:45  SCV x2  
  65  4:48  Banshee  
  65  4:52  Hellion x2  
  72  4:57  Supply Depot, SCV  
  72  4:58  SCV  
  74  5:03  Refinery x2  
  74  5:10  SCV x2  
  74  5:13  Armory  
  76  5:15  Armory  
  76  5:22  SCV x2  
  76  5:25  Hellion x2  
  81  5:34  SCV x2  
  77  5:46  Supply Depot, SCV x2  
  77  5:49  Barracks Tech Lab  
  79  5:52  Orbital Command  
  79  5:54  Factory  
  79  5:55  Factory  
  77  5:58  SCV x2  
  77  6:01  Hellion x2  
  83  6:08  Terran Vehicle And Ship Armor Level 1, Terran Vehicle Weapons Level 1  
  83  6:10  SCV x2  
  85  6:17  SCV  
  86  6:18  Refinery  
  86  6:22  SCV, Refinery  
  86  6:24  Hellion x2  
  91  6:27  SCV  
  91  6:29  SCV  
  93  6:34  Supply Depot, SCV  
  93  6:37  Supply Depot, Starport Reactor  
  93  6:39  SCV  
  95  6:41  SCV  
  95  6:46  SCV  
  97  6:47  Supply Depot  
  97  6:49  Thor  
  97  6:51  SCV  
  97  6:53  SCV, Thor  
  109  6:58  SCV  
  110  7:02  Supply Depot, Hellion x2  
  110  7:03  SCV  
  110  7:05  SCV  
  116  7:11  SCV, Engineering Bay  
  116  7:14  Supply Depot  
  117  7:19  Medivac x2  
  117  7:21  SCV x2  
  123  7:23  SCV  
  123  7:27  Command Center  
  124  7:35  Thor  
  127  7:37  Thor  
  132  7:44  Supply Depot  
  132  7:48  Hellion x2  
  132  7:49  SCV x3  
  132  7:51  Medivac  
  141  8:05  Supply Depot  
  141  8:06  Factory x2  
  141  8:07  Terran Vehicle And Ship Armor Level 2, Terran Vehicle Weapons Level 2  
  141  8:08  Supply Depot  
  141  8:19  SCV x3  
  141  8:32  Siege Tank x2  
  147  8:34  Hellion x2  
  147  8:41  Viking x2  
  151  8:50  Infernal Pre-Igniter, Factory Tech Lab, Factory Reactor  
  151  8:58  Hellion  
  151  8:59  Hellion, Refinery  
  151  9:00  Refinery  
  155  9:08  Siege Tank x2  
  155  9:09  Siege Tank  
  164  9:13  Viking  
  166  9:21  Hellion x2  
  170  9:29  Hellion x2  
  170  9:30  Viking  
  173  9:38  Planetary Fortress  
  173  9:43  Viking  
  175  9:45  Siege Tank, Command Center  
  175  9:46  Siege Tank, Command Center  
  175  9:48  Hellion x2  
  185  9:55  Siege Tank  
  185  9:58  Supply Depot  
  188  10:08  Sensor Tower  
  188  10:09  Thor  
  188  10:10  Thor x2  
  188  10:20  Viking x2  
  188  10:24  Siege Tank x2  
  188  10:25  Hellion  
  196  10:43  Factory  
  196  10:44  Factory  
  196  10:48  Factory  
  196  10:50  Hellion  
  196  10:54  Hellion  
  196  10:55  Hellion  
  196  11:01  Orbital Command  
  196  11:24  Refinery  
  196  11:26  Refinery  
  196  11:27  Planetary Fortress  
  192  11:35  Starport  
  192  11:36  Starport  
  192  11:37  Starport  
  187  11:45  Siege Tank x2  
  187  11:46  Hellion x3, Siege Tank  
  187  11:47  Hellion  
  172  11:53  Factory Tech Lab x2  
  159  11:54  Factory Reactor  
  159  12:01  Viking x2  
  161  12:14  Hellion  
  161  12:15  Hellion x3  
Show
View Real Time Build Order
Export as new Build Order

Mamba Zerg 

Build Orders: Hatch First, Swarm Host 

Get SALT Encoding   

  12  0:00  Drone  
  13  0:12  Overlord  
  13  0:16  Drone  
  14  0:30  Drone  
  14  0:31  Drone  
  14  0:34  Drone  
  17  0:51  Hatchery  
  17  0:55  Drone  
  17  0:58  Drone  
  18  1:08  Extractor  
  17  1:14  Spawning Pool  
  17  1:17  Drone  
  17  1:20  Drone  
  18  1:31  Drone  
  19  1:44  Overlord  
  19  1:56  Drone  
  19  2:00  Queen  
  22  2:02  Zergling x2  
  22  2:03  Queen  
  22  2:04  Zergling x2  
  22  2:07  Metabolic Boost  
  26  2:17  Drone x2  
  28  2:27  Drone x2  
  30  2:35  Spore Crawler  
  29  2:41  Drone  
  29  2:43  Drone, Hatchery  
  31  2:50  Queen  
  33  2:56  Overlord  
  33  2:59  Drone  
  33  3:01  Drone  
  33  3:03  Drone  
  36  3:15  Drone x5  
  36  3:17  Overlord  
  36  3:19  Drone  
  42  3:24  Drone  
  42  3:25  Drone  
  44  3:34  Queen, Overlord  
  46  3:44  Drone x3  
  49  3:50  Drone x2  
  49  3:51  Drone  
  49  3:52  Overlord  
  52  3:58  Drone x5  
  52  4:02  Queen  
  58  4:07  Roach Warren  
  57  4:11  Drone x3, Baneling Nest  
  57  4:13  Queen  
  62  4:20  Zergling x6  
  65  4:25  Lair  
  65  4:27  Zergling x2  
  65  4:28  Overlord  
  66  4:32  Overlord  
  66  4:33  Overlord  
  66  4:38  Overlord x2  
  66  4:44  Overlord x2  
  66  4:49  Drone x7  
  66  4:51  Extractor  
  72  4:53  Queen  
  72  4:55  Baneling x2  
  72  4:56  Baneling  
  72  4:57  Spore Crawler  
  73  5:00  Spore Crawler, Drone x2  
  73  5:03  Spore Crawler  
  73  5:06  Drone x3  
  76  5:11  Drone x2  
  76  5:12  Drone x3  
  81  5:16  Drone x2  
  82  5:25  Drone x5  
  82  5:27  Zergling x2  
  86  5:32  Zergling x2  
  85  5:39  Zergling x2  
  85  5:40  Zergling x8  
  82  5:46  Zergling x4  
  84  5:53  Zergling x2  
  79  6:05  Drone x6, Extractor  
  79  6:06  Extractor  
  79  6:08  Evolution Chamber  
  79  6:09  Evolution Chamber, Extractor  
  80  6:13  Baneling  
  80  6:14  Baneling x8  
  80  6:17  Drone x4  
  84  6:22  Hatchery  
  83  6:28  Overlord  
  83  6:34  Drone x7  
  83  6:36  Extractor  
  83  6:38  Centrifical Hooks  
  89  6:43  Zergling x4  
  91  6:54  Hatchery  
  90  7:03  Zerg Missile Weapons Level 1, Zerg Ground Armor Level 1  
  90  7:10  Overseer  
  90  7:13  Zergling x12  
  96  7:22  Drone x2  
  98  7:23  Hydralisk Den  
  98  7:27  Zergling x14  
  98  7:28  Infestation Pit  
  103  7:31  Overlord  
  103  7:41  Overlord  
  101  7:53  Hydralisk x6  
  101  7:54  Hydralisk x5, Muscular Augments  
  123  8:00  Overlord x2  
  123  8:12  Hydralisk  
  123  8:13  Hydralisk x5  
  123  8:19  Drone x2  
  130  8:30  Hydralisk  
  130  8:31  Hydralisk x4  
  131  8:39  Hydralisk x3  
  137  8:43  Queen  
  137  8:46  Queen  
  137  8:47  Zergling x10  
  137  8:48  Zergling x8  
  150  8:50  Baneling x5  
  150  8:51  Baneling x5  
  147  9:09  Drone x2  
  149  9:10  Overlord  
  149  9:11  Overlord  
  149  9:12  Overlord  
  145  9:18  Overlord x3  
  145  9:19  Zerg Ground Armor Level 2, Zerg Missile Weapons Level 2  
  139  9:27  Drone x12  
  141  9:32  Drone x2  
  136  9:43  Swarm Host  
  136  9:44  Swarm Host x5  
  154  9:45  Swarm Host  
  157  9:53  Extractor  
  157  9:54  Extractor  
  157  9:55  Overlord x3  
  157  9:56  Hydralisk  
  157  9:58  Zergling x10  
  157  9:59  Zergling x10  
  167  10:10  Swarm Host x4  
  167  10:12  Swarm Host  
  182  10:15  Zergling x10  
  182  10:17  Hatchery  
  181  10:24  Zergling x14  
  182  10:34  Queen  
  184  10:41  Baneling x16  
  179  10:52  Zergling x22  
  179  10:53  Zergling x4  
  190  11:00  Zergling x6  
  190  11:01  Zergling x8  
  196  11:06  Baneling x6  
  196  11:14  Zergling x16  
  182  11:34  Zergling x2  
  182  11:35  Zergling x28  
  173  11:42  Hydralisk x3  
  148  11:52  Zergling x8  
  126  11:58  Hydralisk  
  126  11:59  Hydralisk x2  
  118  12:07  Baneling x8  
  116  12:09  Hydralisk  
  116  12:12  Baneling  
  116  12:13  Baneling x2  

Tags
 
Add a new tag
Caveats
  • Supply blocks, unpowered buildings, or Contaminate may cause inaccurate times.
  • Supply counts are checked every 10 seconds.